 Dungeon Crawl Stone Soup version 0.18-a0-1147-g8e8348b (webtiles) character file.

177 RedPan the Magician (level 5, -6/38 HPs)
             Began as a Draconian Conjurer on Jan 22, 2016.
             Killed by divine providence
             ... invoked by an orc priest
              (12 damage)
             ... on level 3 of the Dungeon.
             The game lasted 00:08:58 (3127 turns).

RedPan the Magician (Draconian Conjurer)            Turns: 3127, Time: 00:08:58

Health: -6/38      AC:  5    Str: 11    XL:     5   Next: 30%
Magic:  5/12       EV: 12    Int: 16    God:
Gold:   103        SH:  0    Dex: 11    Spells: 2 memorised, 9 levels left

rFire  . . .     SeeInvis .     e - +0 whip
rCold  . . .     Gourm    .     (armour unavailable)
rNeg   . . .     Faith    .     (no shield)
rPois  .         Spirit   .     (helmet restricted)
rElec  .         Dismiss  .     (no cloak)
rCorr  .         Reflect  .     (no gloves)
SustAt .         Harm     .     (no boots)
MR     .....                    (no amulet)
Stlth  ++........               (no ring)
                                (no ring)

@: very slightly contaminated, hasted, very quick, not resistant to hostile
enchantments, unstealthy
A: unfitting armour, cold-blooded, AC +5
a: no special abilities


You were on level 3 of the Dungeon.
You were not hungry.

You visited 1 branch of the dungeon, and saw 3 of its levels.

You collected 103 gold pieces.

Inventory:

Hand Weapons
 e - a +0 whip (weapon)
Scrolls
 c - a scroll of enchant weapon {unknown}
 f - a scroll of fog {unknown}
 g - a scroll of amnesia {unknown}
 h - a scroll of identify {unknown}
 k - a scroll of magic mapping {unknown}
Potions
 l - a potion of curing {unknown}
 m - a potion of flight {unknown}
Books
 a - a book of Conjurations

   Spells                             Type                      Level
   a - Magic Dart                     Conjuration                  1
   b - Searing Ray                    Conjuration                  2
   c - Dazzling Spray                 Conjuration/Hexes            3
   d - Fulminant Prism                Conjuration/Hexes            4
   e - Iskenderun's Mystic Blast      Conjuration                  4
   f - Iskenderun's Battlesphere      Conjuration/Charms           5
Comestibles
 b - a bread ration
 d - 2 meat rations
 j - 10 chunks of flesh


   Skills:
 - Level 1.7 Dodging
 - Level 1.7 Stealth
 + Level 5.2 Spellcasting
 - Level 4.0 Conjurations


You had 9 spell levels left.
You knew the following spells:

 Your Spells              Type           Power        Failure   Level  Hunger
a - Magic Dart            Conj           ###.         3%          1    None
b - Iskenderun's Mystic   Conj           ###.....     34%         4    ####...


Dungeon Overview and Level Annotations

Branches:
Dungeon (3/15)

Altars:


Innate Abilities, Weirdness & Mutations

Your plain brown scales are hard (AC +5).
Your body does not fit into most forms of armour.
You are cold-blooded and may be slowed by cold attacks.


Message History

* * * LOW HITPOINT WARNING * * *
The orc wizard hits you with a dagger.
* * * LOW HITPOINT WARNING * * *
Drink which item? (? for menu, Esc to quit)
It was a potion of haste.
You feel yourself speed up. The orc wizard misses you.
You are very lightly contaminated with residual magic.
Drink which item? (? for menu, Esc to quit)
Okay, then.
Casting: Magic Dart
Confirm with . or Enter, or press ? or * to list all spells.
Aiming: Iskenderun's Mystic Blast
Press: ? - help, Shift-Dir - straight line, f/p - orc wizard
Aim: an orc wizard, wielding a dagger and wearing a robe (heavily wounded)
The orb of energy hits the orc wizard.
You kill the orc wizard!
Your Spellcasting skill increases to level 5!
The orc priest invokes the aid of Beogh against you.
Something smites you!
You die...

####### #.....# #.....#
#.....# ####### #.....#
#.....#
##############.....###....÷##
......o.....o..............'.
..o..#######)#.....###.....#.
### ##@####### #######.
#.......# #. #.......# #.
#....÷..# #. #..(....# #.
#.......# ## #.......#
#.......# #.......#


You could see an orc priest.

Vanquished Creatures
  An orc wizard (D:3)
  Natasha (twice) (D:2)
  2 adders (D:2)
  A giant gecko (D:1)
  2 ball pythons
  9 bats
  2 giant cockroaches (D:1)
  6 goblins
  12 hobgoblins
  15 jackals
  7 kobolds
  A giant newt (D:1)
  9 rats
69 creatures vanquished.

Notes
Turn   | Place    | Note
--------------------------------------------------------------
     0 | D:1      | RedPan the Draconian Conjurer began the quest for the Orb.
     0 | D:1      | Reached XP level 1. HP: 14/14 MP: 3/3
   378 | D:1      | Reached XP level 2. HP: 14/20 MP: 2/5
   910 | D:1      | Reached XP level 3. HP: 26/26 MP: 7/7
  1953 | D:2      | Reached XP level 4. HP: 16/33 MP: 10/10
  2194 | D:2      | Learned a level 4 spell: Iskenderun's Mystic Blast
  2300 | D:2      | Noticed Natasha
  2313 | D:2      | Killed Natasha
  2431 | D:2      | Noticed Natasha
  2436 | D:2      | Killed Natasha
  2760 | D:2      | Reached XP level 5. HP: 36/38 MP: 12/12
  3127 | D:3      | Reached skill level 5 in Spellcasting
  3127 | D:3      | Killed from afar by an orc priest

Vault maps used:
D:1:      minmay_arrival_doors
D:2:      interstate_on_off, uniq_natasha
D:3:      old_standard_altar, grunt_temple_overflow_open

Action                   |  1- 3 |  4- 6 || total
-------------------------+-------+-------++-------
Melee: Unarmed           |    39 |       ||    39
       Whip              |   142 |    92 ||   234
       Dagger            |     3 |       ||     3
 Cast: Magic Dart        |    36 |    21 ||    57
       Iskenderun's Myst |       |     1 ||     1
  Use: Potion            |       |     1 ||     1
 Stab: Sleeping          |     2 |     2 ||     4
  Eat: Chunk             |     3 |     3 ||     6
       Pizza             |       |     1 ||     1
